 Dungeon Crawl Stone Soup version 0.17-a0-1805-g6093636 (console) character file.

4227 Illiel the Covert (level 10, -11/49 HPs)
             Began as a Spriggan Enchanter on Sept 12, 2015.
             Was a Follower of Ashenzari.
             Shot with a bolt by an orc warrior (23 damage)
             ... in a bailey.
             The game lasted 00:52:10 (8100 turns).

Illiel the Covert (Spriggan Enchanter)              Turns: 8100, Time: 00:52:10

Health: -11/49     AC:  4    Str:  7    XL:     10   Next: 9%
Magic:  21/21      EV: 24    Int: 16    God:    Ashenzari [*.....]
Gold:   428        SH:  0    Dex: 18    Spells: 5 memorised, 11 levels left

rFire  . . .     SeeInvis +     a - +2 dagger (flame)
rCold  . . .     Clarity  .     b - +2 robe
rNeg   . . .     SustAt   .     (shield restricted)
rPois  .         Gourm    .     (helmet restricted)
rElec  .         Spirit   .     (no cloak)
rCorr  .         Warding  .     (gloves unavailable)
rMut   .         Stasis   .     (boots unavailable)
MR     ++...                    (no amulet)
Stlth  +++++.....               (no ring)
                                s - ring of protection from magic

@: very slightly contaminated, invisible, very quick, very resistant to hostile
enchantments, quite stealthy
A: unfitting armour, see invisible, herbivore 3, speed 3, slow metabolism 2
a: Scrying, Renounce Religion


You were in a bailey.
You worshipped Ashenzari.
Ashenzari was aware of your devotion.
You were not hungry.

You visited 1 branch of the dungeon, and saw 9 of its levels.
You also visited: Sewer and Bailey.

You collected 428 gold pieces.

Inventory:

Hand weapons
 a - a +2 dagger of flaming (weapon)
Armour
 b - a +2 robe (worn)
Jewellery
 i - an uncursed amulet of guardian spirit
 s - a ring of protection from magic (left hand)
Magical devices
 q - a wand of fire (9)
 F - a wand of magic darts (17)
 H - a wand of flame (23)
 L - a wand of invisibility (4)
Scrolls
 h - a scroll of amnesia
 k - 3 scrolls of teleportation
 r - 3 scrolls of recharging
 v - a scroll of fog {unknown}
 w - 2 scrolls of random uselessness {unknown}
 x - 6 scrolls of remove curse
 I - a scroll of noise {unknown}
 J - a scroll of acquirement {unknown}
 N - a scroll of identify
Potions
 e - 8 potions of curing
 f - a potion of ambrosia
 g - a potion of berserk rage
 j - 3 potions of lignification
 l - a potion of mutation {unknown}
 m - 2 potions of heal wounds {unknown}
 n - 3 potions of agility {unknown}
 o - a potion of flight {unknown}
 p - a potion of brilliance {unknown}
 t - 2 potions of haste {unknown}
 u - 3 potions of cancellation {unknown}
 A - a potion of poison {unknown}
 C - a potion of might
 D - 3 potions of invisibility
 M - a potion of degeneration {unknown}
 O - a potion of magic {unknown}
Books
 c - a book of Maledictions

   Spells                             Type                      Level
   a - Corona                         Hexes                        1
   b - Ensorcelled Hibernation        Hexes/Ice                    2
   c - Confuse                        Hexes                        3
   d - Tukima's Dance                 Hexes                        3
   e - Dazzling Spray                 Conjuration/Hexes            3
 y - a book of Geomancy

   Spells                             Type                      Level
   a - Sandblast                      Earth                        1
   b - Stoneskin                      Transmutation/Earth          2
   c - Passwall                       Transmutation/Earth          3
   d - Stone Arrow                    Conjuration/Earth            3
   e - Petrify                        Transmutation/Earth          4
   f - Lee's Rapid Deconstruction     Earth                        5
 E - a book of Frost

   Spells                             Type                      Level
   a - Freeze                         Ice                          1
   b - Throw Frost                    Conjuration/Ice              2
   c - Ozocubu's Armour               Charms/Ice                   3
   d - Throw Icicle                   Conjuration/Ice              4
   e - Summon Ice Beast               Ice/Summoning                4
   f - Condensation Shield            Ice                          4
 K - a book of the Earth

   Spells                             Type                      Level
   a - Leda's Liquefaction            Hexes/Earth                  4
   b - Bolt of Magma                  Conjuration/Fire/Earth       5
   c - Statue Form                    Transmutation/Earth          6
   d - Iron Shot                      Conjuration/Earth            6
   e - Shatter                        Earth                        9
Comestibles
 d - 6 bread rations
 z - 3 slices of pizza
 B - 2 fruits
 G - a royal jelly


   Skills:
 + Level 3.7 Fighting
 * Level 7.0 Short Blades
 + Level 7.7 Dodging
 * Level 10.7 Stealth
 * Level 7.2 Spellcasting
 * Level 9.1 Hexes
 - Level 1.0 Ice Magic
 + Level 2.2 Evocations


You had 11 spell levels left.
You knew the following spells:

 Your Spells              Type           Power        Failure   Level  Hunger
a - Corona                Hex            ####...      1%          1    None
b - Ensorcelled Hibernat  Hex/Ice        ###...       2%          2    None
c - Dazzling Spray        Conj/Hex       ###.....     8%          3    ##.....
d - Tukima's Dance        Hex            ####....     1%          3    ##.....
i - Confuse               Hex            ####....     1%          3    ##.....


Dungeon Overview and Level Annotations

Branches:
Dungeon (9/15)             Temple (0/1) D:5            Lair (0/8) D:8
    Orc: D:9-12

Altars:
Ashenzari
Elyvilon
Fedhas
Okawaru
Qazlal
Ru
Sif Muna
Xom
Yredelemnul
Zin
The Shining One

Annotations:
Bailey Rationalist's ghost, experienced FoFi


Innate Abilities, Weirdness & Mutations

You are tiny and cannot use many weapons and most armour.
You have supernaturally acute eyesight.
You are a herbivore.
You cover ground extremely quickly.
You need consume almost no food.


Message History

Okay, then.
You strike the helpless Rationalist's ghost from a blind spot!
You impale Rationalist's ghost!! You burn Rationalist's ghost.
Rationalist's ghost is moderately damaged.
Rationalist's ghost hits you.
The orc warrior shoots a bolt.
The bolt hits you!
* * * LOW HITPOINT WARNING * * *
You see here a bolt.
Evoke which item? (* to show all) (? for menu, Esc to quit)
Zapping:
L - a wand of invisibility (will waste charges)
Press: ? - help, Shift-Dir - straight line, f - you You fade into invisibility!
You are very lightly contaminated with residual magic.
Evoking this partially-identified wand wasted a few charges.
The orc warrior shoots a bolt.
The bolt hits Rationalist's ghost!
There is an open door here.
The orc shoots a bolt.
The bolt closely misses you.
You see here 2 bolts.
The orc warrior shoots a bolt.
The bolt hits you!!
You die...

▒▒▒▒▒▒▒▒▒▒▒▒▒▒▒▒▒▒▒▒▒▒▒▒▒▒▒▒▒▒
∙∙∙∙∙∙∙∙∙∙∙∙∙∙∙∙∙∙∙∙∙∙∙∙∙∙∙∙∩▒
∙∙∙∙∙∙∙∙∙∙∙∙∙∙∙∙∙∙∙∙∙∙∙∙∙∙∙∙∙▒
∙∙∙∙∙∙∙∙∙∙∙∙∙∙∙∙∙∙∙∙∙∙∙∙∙∙∙∙∙▒
∙∙∙∙∙∙∙∙∙∙∙∙∙∙∙∙∙∙∙∙∙∙∙∙∙∙∙∙∙∙∙▒
∙∙∙∙∙∙∙∙∙∙∙∙∙∙∙∙∙∙∙∙∙∙∙∙∙∙∙∙∙∙∙∙▒
∙∙∙∙∙∙∙∙∙∙∙∙∙∙∙∙∙∙∙∙∙∙∙∙∙∙∙∙∙∙∙∙▒
≈≈≈∙∙∙∙∙∙∙∙∙∙∙∙∙∙∙∙∙≈≈≈≈≈∙∙∙∙∙∙∙▒
▒≈≈∙∙∙∙∙∙∙∙∙∙∙∙∙∙∙≈≈▒o▒≈≈∙∙∙∙∙∙▒
∙▒▒≈∙∙∙∙∙∙∙∙∙∙∙∙∙∙∙≈▒▒∙▒▒≈∙∙∙∙∙∙▒
^∙∙≈∙∙∙∙∙∙∙∙∙∙∙∙∙∙∙≈o∙^o∙≈∙∙∙∙∙∙▒
o▒▒≈∙∙∙∙∙∙∙∙∙∙∙∙∙∙∙≈▒▒∙▒▒≈∙∙∙∙∙∙▒
o▒≈≈∙∙∙∙▒▒▒▒▒▒▒∙∙∙∙≈≈▒o▒≈≈∙∙∙∙∙∙▒
≈≈≈∙∙∙∙▒▒ ▒∙∙∙∙∙≈≈≈≈≈∙∙∙∙∙∙∙▒
∙∙∙∙∙(▒▒ ▒∙∙o∙∙∙∙∙∙∙∙∙∙∙∙∙∙▒
∙∙∙∙∙▒▒ ▒∙∙∙(∙∙∙∙∙∙∙∙∙∙∙∙∙▒
∙∙∙∙∙▒ ▒∙@▒▒(∙∙∙∙∙∙∙∙∙∙∙∙▒ ∙∙∙(▒▒
▒▒▒(▒▒∙∙∙∙∙∙∙∙∙∙∙∙∙▒ ∙∙∙∙▒
▒)'W▒▒(∙∙∙∙∙∙∙∙∙∙∙∙▒ ∙∙∙(▒
▒▒▒(▒▒∙∙∙∙∙∙∙∙∙∙∙∙∙▒ ∙∙∙∙▒
▒)'∙▒▒(∙∙∙∙∙∙∙∙∙∙∙∙▒ ∙∙∙∙▒▒
▒▒▒∙▒▒∙∙∙∙∙∙∙∙∙∙∙∙∙▒ ∙∙∙∙∙▒
▒∙∙▒∙(∙∙∙∙∙∙∙∙∙∙∙∙▒ ∙∙∙∙∙▒▒
▒∙∙▒▒∙∙∙∙∙∙∙o∙∙∙∙∙∙▒ ∙∙∙∙∙∙▒▒
∙∙∙▒▒∙∙∙∙∙∙∙o∙∙∙∙∙∙∙▒
≈≈≈∙∙∙∙▒▒▒▒▒▒▒▒▒∙∙∙∙≈≈≈≈≈∙∙∙∙∙∙∙▒
o▒≈≈∙∙∙∙∙∙▒▒▒∙∙(∙∙∙≈≈▒o▒≈≈∙∙∙∙∙∙▒
∙▒▒≈∙∙∙∙∙∙∙∙∙∙∙∙∙∙∙≈▒▒∙▒▒≈∙∙∙∙∙∙▒
^∙o≈∙∙∙∙∙∙∙∙∙∙∙∙∙∙∙≈o∙^∙o≈∙∙∙∙∙∙▒
∙▒▒≈∙∙∙∙∙∙∙∙∙∙∙∙∙∙∙≈▒▒∙▒▒≈∙∙∙∙∙∙▒
▒≈≈∙∙∙∙∙∙∙∙∙∙∙∙∙∙∙≈≈▒∙▒≈≈∙∙∙∙∙∙▒
≈≈≈∙∙∙∙∙∙∙∙∙∙∙∙∙∙∙∙∙≈≈≈≈≈∙∙∙∙∙∙∙▒
∙∙∙∙∙∙∙∙∙∙∙∙∙∙∙∙∙∙∙∙∙∙∙∙∙∙∙∙∙∙∙∙▒


You could see 2 orc warriors, Rationalist's ghost and an orc.

Vanquished Creatures
  Joseph (D:8)
  A komodo dragon (D:8)
  Prince Ribbit (D:7)
  A troll (D:8)
  A hippogriff (D:6)
  The ghost of SkyBlueFox the Poker, an average MfSk (D:3)
  A hungry ghost (D:7)
  3 sky beasts
  A necrophage (D:6)
  A phantom (D:7)
  An orc warrior (Bailey)
  5 centaurs
  2 ogres
  3 big kobolds
  2 giant frogs
  4 wights
  A scorpion (D:4)
  A giant frog zombie (D:7)
  4 orc wizards
  3 jellies
  A giant frog skeleton (D:6)
  Ijyb (D:3)
  3 hounds
  A quasit (D:8)
  A gnoll shaman (D:7)
  2 orc priests
  2 centaur skeletons
  4 iguanas
  6 worker ants
  A hound skeleton (D:5)
  8 adders
  3 gnolls (D:7)
  3 oozes
  A worm (D:3)
  8 giant geckos
  20 orcs
  8 hobgoblins
  16 jackals
  18 kobolds
  3 quokkas
  2 ball pythons
  8 bats
  3 giant cockroaches
  A giant gecko zombie (D:3)
  9 giant newts
  5 goblins
  A quokka zombie (D:5)
  4 rats
181 creatures vanquished.

Vanquished Creatures (collateral kills)
  An orc warrior (D:7)
  An ogre (D:7)
  2 wights
  2 orc priests
  2 gnolls (D:7)
  2 orcs (D:3)
  A kobold (Sewer)
11 creatures vanquished.

Vanquished Creatures (others)
  A plant (D:8)
1 creature vanquished.

Grand Total: 193 creatures vanquished

Notes
Turn   | Place    | Note
--------------------------------------------------------------
     0 | D:1      | Illiel the Spriggan Enchanter began the quest for the Orb.
     0 | D:1      | Reached XP level 1. HP: 9/9 MP: 5/5
   598 | D:1      | Reached XP level 2. HP: 5/13 MP: 3/6
   941 | D:1      | Learned a level 2 spell: Ensorcelled Hibernation
  1152 | D:2      | Reached XP level 3. HP: 13/17 MP: 4/8
  1161 | D:2      | Learned a level 3 spell: Confuse
  1439 | D:2      | Reached skill level 5 in Stealth
  1732 | D:3      | Reached XP level 4. HP: 16/21 MP: 2/9
  1737 | D:3      | Learned a level 3 spell: Tukima's Dance
  1902 | D:3      | Noticed Ijyb
  2053 | D:3      | Killed Ijyb
  2053 | D:3      | Reached skill level 1 in Fighting
  2407 | D:3      | Found a glowing drain.
  2415 | Sewer    | Entered a sewer
  2552 | Sewer    | Reached XP level 5. HP: 25/25 MP: 3/11
  2767 | Sewer    | Noticed a big kobold
  2767 | Sewer    | Noticed a big kobold
  2805 | Sewer    | Killed a big kobold
  2805 | Sewer    | Reached skill level 6 in Stealth
  2820 | Sewer    | Killed a big kobold
  2820 | Sewer    | Reached skill level 5 in Hexes
  2820 | Sewer    | Reached XP level 6. HP: 26/30 MP: 0/12
  2829 | Sewer    | Learned a level 3 spell: Dazzling Spray
  3061 | D:3      | Found an iron altar of Okawaru.
  3078 | D:3      | Found a stormy altar of Qazlal.
  3122 | D:3      | Noticed SkyBlueFox's ghost (average MfSk)
  3385 | D:3      | Killed SkyBlueFox's ghost
  3385 | D:3      | Reached skill level 1 in Ice Magic
  3639 | D:4      | Reached XP level 7. HP: 33/33 MP: 7/13
  3689 | D:4      | Reached skill level 5 in Dodging
  3689 | D:4      | Reached skill level 7 in Stealth
  3987 | D:4      | Found a glowing golden altar of the Shining One.
  3987 | D:4      | Found a white marble altar of Elyvilon.
  3987 | D:4      | Found a glowing silver altar of Zin.
  4103 | D:4      | Found a basalt altar of Yredelemnul.
  4259 | D:5      | Entered Level 5 of the Dungeon
  4259 | D:5      | Found a shattered altar of Ashenzari.
  4259 | D:5      | Found a shimmering altar of Xom.
  4260 | D:5      | Found a blossoming altar of Fedhas.
  4261 | D:5      | Found a deep blue altar of Sif Muna.
  4268 | D:5      | Became a worshipper of Ashenzari the Shackled
  4335 | D:5      | HP: 1/35 [worker ant (7)]
  4351 | D:5      | Found a staircase to the Ecumenical Temple.
  4354 | D:5      | Reached XP level 8. HP: 5/39 MP: 1/15
  4519 | D:5      | Found a sacrificial altar of Ru.
  4552 | D:5      | Reached skill level 8 in Stealth
  5491 | D:6      | Reached skill level 5 in Short Blades
  5596 | D:6      | Reached skill level 5 in Spellcasting
  5639 | D:6      | Reached skill level 9 in Stealth
  6034 | D:7      | Reached XP level 9. HP: 40/44 MP: 8/18
  6110 | D:7      | Acquired Ashenzari's first power
  6435 | D:7      | Found a shattered altar of Ashenzari.
  6972 | D:7      | Noticed Prince Ribbit
  6979 | D:7      | Killed Prince Ribbit
  6979 | D:7      | Reached skill level 10 in Stealth
  7107 | D:8      | Reached skill level 1 in Evocations
  7313 | D:8      | Noticed Joseph
  7315 | D:8      | Killed Joseph
  7454 | D:8      | Found a staircase to the Lair.
  7454 | D:8      | Noticed a komodo dragon
  7493 | D:8      | Killed a komodo dragon
  7493 | D:8      | Reached XP level 10. HP: 49/49 MP: 13/21
  7952 | D:9      | Found a flagged portal.
  7961 | Bailey   | Entered a bailey
  8031 | Bailey   | Noticed Rationalist's ghost (experienced FoFi)
  8100 | Bailey   | Shot with a bolt by an orc warrior

Vault maps used:
D:1:      lightli_arrival_flooded_house
D:3:      amethyst_overflow_temple_binary, lightli_sewer_entry_pipes,
          first_bread, uniq_iyjb
D:4:      good_gods_mini_temple, kennysheep_little_box
D:5:      grunt_temple_overflow_open, minmay_temple_entry_statues,
          nicolae_ru_great_annihilating_truth
D:7:      basic_altar, uniq_prince_ribbit1
D:8:      david_lair_shrubbed, uniq_joseph
D:9:      lemuel_upstairs_altar, enter_bailey_2, hangedman_fish_farm
Sewer:    kennysheep_pipe_town
Bailey:   bailey_polearm_2, bailey

Action                   |  1- 3 |  4- 6 |  7- 9 | 10-12 || total
-------------------------+-------+-------+-------+-------++-------
Melee: Dagger            |    99 |   142 |   213 |     5 ||   459
 Cast: Corona            |    20 |     1 |       |       ||    21
       Ensorcelled Hiber |     7 |    31 |    68 |     1 ||   107
       Tukima's Dance    |       |     6 |     7 |       ||    13
       Confuse           |       |     9 |    26 |       ||    35
Evoke: Wand              |       |       |       |     1 ||     1
  Use: Scroll            |     5 |     2 |     6 |       ||    13
       Potion            |       |       |     1 |       ||     1
 Stab: Sleeping          |    16 |    26 |    71 |     4 ||   117
       Distracted        |       |     1 |     3 |     1 ||     5
       Confused          |       |     7 |    10 |       ||    17
  Eat: Bread ration      |       |     1 |     1 |       ||     2
       Fruit             |       |       |     1 |       ||     1
